Tampa Bay Lightning vs Hartford Whalers
Created - Monday, March 31, 2025 at 08:20
Goals
|
| Tampa Bay Lightning |
2 |
0 |
1 |
3 |
| Hartford Whalers |
1 |
0 |
1 |
2 |
|
Shots
|
| Tampa Bay Lightning |
14 |
9 |
14 |
37 |
| Hartford Whalers |
10 |
14 |
7 |
31 |
|
1st period
1. Tampa Bay Lightning , Jordan Martinook 2 (Dylan Cozens 5, Travis Konecny 23) at 2:01
2. Hartford Whalers , Ryan O'Reilly 14 (Rickard Rakell 15, Tom Wilson 14) at 10:49 (PP)
3. Tampa Bay Lightning , Moritz Seider 3 (Roope Hintz 18, Travis Konecny 24) at 13:25 (PP)
Penalties :
Kirill Kaprizov (TBL) for Tripping (Minor) at 2:57, Jonathan Huberdeau (TBL) for Slashing (Minor) at 8:55, Jaden Schwartz (HFD) for Cross-checking (Minor) at 13:03, Jason Dickinson (TBL) for Goalie Interference (Minor) at 16:16
2nd period
No Goal
Penalties :
No Penalty
3rd period
4. Tampa Bay Lightning , Jordan Martinook 3 (Dylan Cozens 6, Moritz Seider 9) at 2:55
5. Hartford Whalers , Devon Toews 5 (Morgan Frost 7, Anthony Cirelli 11) at 15:05 (PP)
Penalties :
Charlie McAvoy (HFD) for Holding Stick (Minor) at 5:37, Tyler Myers (TBL) for Hooking (Minor) at 13:32
Goalie Stats
Darcy Kuemper (TBL), 29 saves from 31 shots - (0.935), W, 24-6-2, 60:00 minutes
John Gibson (HFD), 34 saves from 37 shots - (0.919), L, 17-15-3, 58:37 minutes
Players Stats for Tampa Bay Lightning
Player Name G A P +/- PIM S H SB GA TA FO MP PP MP PK MP
------------------------------------------------------------------------------------
Anze Kopitar 0 0 0 0 0 6 0 0 0 1 8/19 20:57 1:12 3:37
Brent Burns 0 0 0 1 0 1 0 0 0 0 0/0 18:55 1:17 0:49
Darnell Nurse 0 0 0 1 0 1 2 3 0 0 0/0 20:59 1:17 2:36
Dylan Cozens 0 2 2 2 0 2 0 0 0 0 0/0 10:03 0:00 3:36
Filip Forsberg 0 0 0 0 0 1 1 0 0 0 0/1 15:13 1:12 0:00
Gustav Nyquist 0 0 0 0 0 4 2 0 2 1 1/2 15:03 0:00 0:00
Hampus Lindholm 0 0 0 0 0 1 0 1 0 0 0/0 16:39 0:00 0:16
Jamie Benn 0 0 0 0 0 3 1 0 3 0 9/13 15:56 1:09 0:08
Jason Dickinson 0 0 0 2 2 0 0 0 0 0 4/7 10:26 0:00 2:47
Jonathan Huberdeau 0 0 0 0 2 3 1 0 0 0 0/0 13:25 0:00 0:00
Jordan Martinook 2 0 2 2 0 2 0 0 0 0 0/0 6:23 0:00 0:00
Kirill Kaprizov 0 0 0 0 2 6 2 1 2 0 0/3 16:39 1:12 0:17
Michael Matheson 0 0 0 0 0 0 1 4 1 1 0/0 20:58 1:04 3:53
Moritz Seider 1 1 2 1 0 1 3 1 0 1 0/0 22:54 1:04 4:00
Roope Hintz 0 1 1 0 0 3 0 0 0 0 4/14 15:14 1:09 0:00
Travis Konecny 0 2 2 0 0 2 1 2 1 0 0/0 16:28 1:09 1:14
Trevor Moore 0 0 0 0 0 1 2 0 2 0 0/1 16:45 0:00 3:11
Tyler Myers 0 0 0 1 2 0 0 0 1 0 0/0 19:34 0:00 3:16
Players Stats for Hartford Whalers
Player Name G A P +/- PIM S H SB GA TA FO MP PP MP PK MP
------------------------------------------------------------------------------------
Anthony Cirelli 0 1 1 -1 0 2 0 0 0 0 0/0 15:55 3:17 1:14
Charlie McAvoy 0 0 0 0 2 1 2 2 0 2 0/0 24:47 3:04 0:14
Devon Toews 1 0 1 0 0 7 0 0 1 4 0/0 22:13 4:21 1:16
Jaden Schwartz 0 0 0 0 2 5 1 1 1 0 0/0 8:25 0:00 0:00
Josh Anderson 0 0 0 -1 0 1 1 2 0 0 1/1 12:10 0:23 0:00
Joshua Norris 0 0 0 -1 0 0 0 1 1 0 9/13 13:28 0:27 1:07
Kaiden Guhle 0 0 0 -2 0 0 1 0 0 0 0/0 13:06 0:00 0:51
Matt Duchene 0 0 0 -1 0 2 3 0 0 0 2/3 18:01 3:17 0:00
Miles Wood 0 0 0 0 0 0 2 1 0 0 0/0 9:40 0:00 1:07
Morgan Frost 0 1 1 0 0 2 0 0 0 0 3/6 9:09 0:43 0:00
Nick Suzuki 0 0 0 0 0 3 2 1 0 0 10/16 19:02 2:07 0:00
Pierre-Luc Dubois 0 0 0 0 0 1 1 0 0 1 0/0 16:01 0:00 0:00
Rickard Rakell 0 1 1 -1 0 2 0 0 0 0 1/2 18:24 4:08 0:00
Ryan O'Reilly 1 0 1 -1 0 2 3 1 1 1 8/19 18:34 4:08 1:14
Ryan Suter 0 0 0 -2 0 0 1 0 0 0 0/0 11:57 0:00 0:00
Samuel Girard 0 0 0 0 0 1 1 0 0 3 0/0 22:13 4:21 1:16
Seth Jones 0 0 0 0 0 1 0 2 0 1 0/0 25:50 3:04 1:05
Tom Wilson 0 1 1 0 0 1 4 1 0 0 0/0 18:42 3:45 0:00
3 Stars
1 - Jordan Martinook (TBL)
2 - Moritz Seider (TBL)
3 - Dylan Cozens (TBL)
Power Play
Tampa Bay Lightning - 1 on 2 Attempt(s) - 50.00%
Hartford Whalers - 2 on 4 Attempt(s) - 50.00%
Penalty Kill
Tampa Bay Lightning - 2 on 4 Attempt(s) - 50.00%
- Score 0 goal in Penalty Kill
Hartford Whalers - 1 on 2 Attempt(s) - 50.00%
- Score 0 goal in Penalty Kill
Team Stat
Tampa Bay Lightning - Hits : 16 - Faceoff Wins : 26 - Blocked Shots : 12 - Penalty Minutes : 8
Hartford Whalers - Hits : 22 - Faceoff Wins : 34 - Blocked Shots : 12 - Penalty Minutes : 4
Official
Referees : Wes Mccauley and Jake Brenk
Linesman : Tommy Hughes and Jonny Murray
Game Notes
No Game Note
Finance
Level 1 -- Attendance: 5642 (56.42%) -- Ticket Income $479,570
Level 2 -- Attendance: 5000 (100.00%) -- Ticket Income $275,000
Level 3 -- Attendance: 2968 (98.93%) -- Ticket Income $89,040
Level 4 -- Attendance: 4903 (98.06%) -- Ticket Income $98,060
Luxury Box -- Attendance: 1000 (100.00%) -- Ticket Income $190,000
Game was played at the Hartford Civic Center.
Total Attendance: 19513 (81.30%)
Total Ticket Income: $1,131,670
Other Income: $396,084
Total Income: $1,527,754
Tampa Bay Lightning
5 vs 5 Forward
Center Left Wing Right Wing Time % Phy DF OF
1 Anze Kopitar Kirill Kaprizov Gustav Nyquist 34 0 2 3
2 Roope Hintz Travis Konecny Filip Forsberg 33 0 3 2
3 Jamie Benn Trevor Moore Jonathan Huberdeau 28 0 2 3
4 Jason Dickinson Dylan Cozens Jordan Martinook 5 0 2 3
5 vs 5 Defense
Defense Defense Time % Phy DF OF
1 Moritz Seider Brent Burns 36 1 3 1
2 Michael Matheson Hampus Lindholm 34 1 3 1
3 Darnell Nurse Tyler Myers 30 1 3 1
4 Moritz Seider Michael Matheson 0 1 2 2
PowerPlay Forward
Center Left Wing Right Wing Time % Phy DF OF
1 Anze Kopitar Kirill Kaprizov Filip Forsberg 50 1 2 2
2 Roope Hintz Jamie Benn Travis Konecny 50 1 2 2
PowerPlay Defense
Defense Defense Time % Phy DF OF
1 Michael Matheson Moritz Seider 50 1 2 2
2 Brent Burns Darnell Nurse 50 1 2 2
Penalty Kill 4 Players Forward
Center Wing Time % Phy DF OF
1 Jason Dickinson Trevor Moore 50 1 2 2
2 Anze Kopitar Dylan Cozens 50 1 2 2
Penalty Kill 4 Players Defense
Defense Defense Time % Phy DF OF
1 Moritz Seider Tyler Myers 50 1 2 2
2 Michael Matheson Darnell Nurse 50 1 2 2
Penalty Kill - 3 Players Forward
Forward Time % Phy DF OF
1 Anze Kopitar 50 1 2 2
2 Jason Dickinson 50 1 2 2
Penalty Kill - 3 Players Defense
Defense Defense Time % Phy DF OF
1 Michael Matheson Darnell Nurse 50 1 2 2
2 Moritz Seider Tyler Myers 50 1 2 2
4 vs 4 Forward
Center Wing Time % Phy DF OF
1 Jamie Benn Travis Konecny 50 1 2 2
2 Anze Kopitar Roope Hintz 50 1 2 2
4 vs 4 Defense
Defense Defense Time % Phy DF OF
1 Michael Matheson Moritz Seider 50 1 2 2
2 Brent Burns Tyler Myers 50 1 2 2
Last Minutes Offensive
Center Left Wing Right Wing Defense Defense
Anze Kopitar Kirill Kaprizov Filip Forsberg Michael Matheson Moritz Seider
Last Minutes Defensive
Center Left Wing Right Wing Defense Defense
Anze Kopitar Jason Dickinson Travis Konecny Moritz Seider Hampus Lindholm
Goaltenders
Starting : Darcy Kuemper
Backup : Jeremy Swayman
Extra Forwards
Normal : Travis Konecny, Filip Forsberg, Jamie Benn - PP : Jonathan Huberdeau, Trevor Moore - PK : Travis Konecny
Extra Defensemen
Normal : Darnell Nurse, Michael Matheson, Moritz Seider - PP : Moritz Seider - PK : Brent Burns, Darnell Nurse
Penalty Shots
Trevor Moore, Filip Forsberg, Kirill Kaprizov, Gustav Nyquist, Jonathan Huberdeau
Scratches
None
Hartford Whalers
5 vs 5 Forward
Center Left Wing Right Wing Time % Phy DF OF
1 Ryan O'Reilly Rickard Rakell Matt Duchene 30 1 2 2
2 Nick Suzuki Pierre-Luc Dubois Tom Wilson 30 1 2 2
3 Joshua Norris Anthony Cirelli Josh Anderson 25 1 2 2
4 Morgan Frost Jaden Schwartz Miles Wood 15 1 2 2
5 vs 5 Defense
Defense Defense Time % Phy DF OF
1 Seth Jones Charlie McAvoy 30 1 2 2
2 Devon Toews Samuel Girard 30 1 2 2
3 Ryan Suter Kaiden Guhle 25 1 2 2
4 Seth Jones Charlie McAvoy 15 1 2 2
PowerPlay Forward
Center Left Wing Right Wing Time % Phy DF OF
1 Nick Suzuki Anthony Cirelli Matt Duchene 50 1 1 3
2 Ryan O'Reilly Rickard Rakell Tom Wilson 50 1 1 3
PowerPlay Defense
Defense Defense Time % Phy DF OF
1 Seth Jones Charlie McAvoy 50 1 1 3
2 Devon Toews Samuel Girard 50 1 1 3
Penalty Kill 4 Players Forward
Center Wing Time % Phy DF OF
1 Ryan O'Reilly Anthony Cirelli 50 1 2 2
2 Joshua Norris Miles Wood 50 1 2 2
Penalty Kill 4 Players Defense
Defense Defense Time % Phy DF OF
1 Seth Jones Charlie McAvoy 50 1 3 1
2 Devon Toews Samuel Girard 50 1 3 1
Penalty Kill - 3 Players Forward
Forward Time % Phy DF OF
1 Ryan O'Reilly 50 2 3 0
2 Joshua Norris 50 2 3 0
Penalty Kill - 3 Players Defense
Defense Defense Time % Phy DF OF
1 Seth Jones Charlie McAvoy 50 2 3 0
2 Devon Toews Kaiden Guhle 50 2 3 0
4 vs 4 Forward
Center Wing Time % Phy DF OF
1 Nick Suzuki Matt Duchene 50 1 1 3
2 Ryan O'Reilly Anthony Cirelli 50 1 2 2
4 vs 4 Defense
Defense Defense Time % Phy DF OF
1 Seth Jones Charlie McAvoy 50 1 2 2
2 Devon Toews Samuel Girard 50 1 2 2
Last Minutes Offensive
Center Left Wing Right Wing Defense Defense
Nick Suzuki Rickard Rakell Matt Duchene Seth Jones Charlie McAvoy
Last Minutes Defensive
Center Left Wing Right Wing Defense Defense
Ryan O'Reilly Anthony Cirelli Tom Wilson Kaiden Guhle Charlie McAvoy
Goaltenders
Starting : John Gibson
Backup : Spencer Knight
Extra Forwards
Normal : Nick Suzuki, Joshua Norris, Pierre-Luc Dubois - PP : Matt Duchene, Joshua Norris - PK : Anthony Cirelli
Extra Defensemen
Normal : Kaiden Guhle, Seth Jones, Devon Toews - PP : Ryan Suter - PK : Charlie McAvoy, Devon Toews
Penalty Shots
Nick Suzuki, Rickard Rakell, Pierre-Luc Dubois, Ryan O'Reilly, Matt Duchene
Scratches
None
% Time on Ice - Tampa Bay Lightning
Lines # - Real PCT - Wanted PCT - Time Play
Normal Forward
1 - 31% - 34% - 15:11
2 - 29% - 33% - 14:09
3 - 27% - 28% - 13:26
4 - 13% - 5% - 6:23
Normal Defense
1 - 34% - 36% - 16:45
2 - 33% - 34% - 16:05
3 - 33% - 30% - 16:19
4 - 0% - 0% - 0:00
PP Forward
1 - 51% - 50% - 1:12
2 - 49% - 50% - 1:09
PP Defense
1 - 45% - 50% - 1:04
2 - 55% - 50% - 1:17
PK Forward
1 - 53% - 50% - 3:56
2 - 47% - 50% - 3:29
PK Defense
1 - 54% - 50% - 4:00
2 - 46% - 50% - 3:25
PK3 Forward
1 - 0% - 50%
2 - 0% - 50%
PK3 Defense
1 - 0% - 50%
2 - 0% - 50%
44 Forward
1 - 0% - 50%
2 - 0% - 50%
44 Defense
1 - 0% - 50%
2 - 0% - 50%
Last Minute Offensive - 0:00
Last Minute Defensive - 1:05
Total
Forward - 60:00
Defense - 60:00
|
% Time on Ice - Hartford Whalers
Lines # - Real PCT - Wanted PCT - Time Play
Normal Forward
1 - 27% - 30% - 13:14
2 - 32% - 30% - 15:56
3 - 24% - 25% - 11:34
4 - 17% - 15% - 8:26
Normal Defense
1 - 30% - 30% - 14:53
2 - 34% - 30% - 16:36
3 - 24% - 25% - 11:57
4 - 12% - 15% - 5:44
PP Forward
1 - 44% - 50% - 3:17
2 - 56% - 50% - 4:08
PP Defense
1 - 41% - 50% - 3:04
2 - 59% - 50% - 4:21
PK Forward
1 - 52% - 50% - 1:14
2 - 48% - 50% - 1:07
PK Defense
1 - 46% - 50% - 1:05
2 - 54% - 50% - 1:16
PK3 Forward
1 - 0% - 50%
2 - 0% - 50%
PK3 Defense
1 - 0% - 50%
2 - 0% - 50%
44 Forward
1 - 0% - 50%
2 - 0% - 50%
44 Defense
1 - 0% - 50%
2 - 0% - 50%
Last Minute Offensive - 1:04
Last Minute Defensive - 0:00
Total
Forward - 60:00
Defense - 60:00
|
Play-by-Play
1st period
0:01 of 1st period - Matt Duchene wins face-off versus Kirill Kaprizov in neutral zone.
0:10 of 1st period - Slapshot by Matt Duchene.
0:10 of 1st period - Stopped by Darcy Kuemper with a rebound.
0:26 of 1st period - Brent Burns is hit by Tom Wilson and loses puck.
0:44 of 1st period - Icing by Seth Jones.
0:45 of 1st period - Joshua Norris wins face-off versus Jamie Benn in Hartford Whalers zone.
1:10 of 1st period - Charlie McAvoy is hit by Darnell Nurse and loses puck.
2:01 of 1st period - Backhand shot by Jordan Martinook.
2:01 of 1st period - Goal by Jordan Martinook - Tampa Bay Lightning : 1 - Hartford Whalers : 0.
2:02 of 1st period - Jamie Benn wins face-off versus Joshua Norris in neutral zone.
2:05 of 1st period - Snap shot by Jamie Benn.
2:05 of 1st period - Stopped by John Gibson without a rebound.
2:06 of 1st period - Jamie Benn wins face-off versus Joshua Norris in Hartford Whalers zone.
2:39 of 1st period - Travis Konecny is hit by Ryan O'Reilly and loses puck.
2:57 of 1st period - Minor Penalty to Kirill Kaprizov for Tripping.
2:58 of 1st period - Nick Suzuki wins face-off versus Trevor Moore in Tampa Bay Lightning zone.
3:02 of 1st period - Snap shot by Nick Suzuki.
3:02 of 1st period - Deflect By Matt Duchene.
3:02 of 1st period - Shot Misses the Net.
3:02 of 1st period - Puck is out of play.
3:03 of 1st period - Jason Dickinson wins face-off versus Nick Suzuki in Tampa Bay Lightning zone.
3:34 of 1st period - Snap shot by Dylan Cozens.
3:34 of 1st period - Stopped by John Gibson with a rebound.
4:26 of 1st period - Trevor Moore is hit by Charlie McAvoy and loses puck.
4:57 of 1st period - Penalty to Kirill Kaprizov is over, Kirill Kaprizov is back on ice.
4:57 of 1st period - Jason Dickinson is hit by Nick Suzuki and loses puck.
5:16 of 1st period - Snap shot by Jaden Schwartz.
5:16 of 1st period - Stopped by Darcy Kuemper with a rebound.
6:03 of 1st period - Off-side.
6:04 of 1st period - Gustav Nyquist wins face-off versus Ryan O'Reilly in neutral zone.
6:07 of 1st period - Slapshot by Anze Kopitar.
6:07 of 1st period - Shot Misses the Net.
6:30 of 1st period - Kaiden Guhle is hit by Moritz Seider and loses puck.
6:37 of 1st period - Snap shot by Filip Forsberg.
6:37 of 1st period - Shot Misses the Net.
6:39 of 1st period - Slapshot by Moritz Seider.
6:39 of 1st period - Shot Blocked by Jaden Schwartz.
6:41 of 1st period - Snap shot by Roope Hintz.
6:41 of 1st period - Stopped by John Gibson without a rebound.
6:42 of 1st period - Jamie Benn wins face-off versus Nick Suzuki in Hartford Whalers zone.
6:51 of 1st period - Snap shot by Tom Wilson.
6:51 of 1st period - Shot Blocked by Darnell Nurse.
6:53 of 1st period - Slapshot by Devon Toews.
6:53 of 1st period - Stopped by Darcy Kuemper without a rebound.
6:54 of 1st period - Nick Suzuki wins face-off versus Kirill Kaprizov in Tampa Bay Lightning zone.
7:03 of 1st period - Wrist shot by Pierre-Luc Dubois.
7:03 of 1st period - Shot Blocked by Hampus Lindholm.
7:32 of 1st period - Snap shot by Jonathan Huberdeau.
7:32 of 1st period - Stopped by John Gibson without a rebound.
7:33 of 1st period - Joshua Norris wins face-off versus Jamie Benn in Hartford Whalers zone.
8:29 of 1st period - Snap shot by Kirill Kaprizov.
8:29 of 1st period - Shot Misses the Net.
8:34 of 1st period - Off-side.
8:35 of 1st period - Nick Suzuki wins face-off versus Jamie Benn in neutral zone.
8:40 of 1st period - Backhand shot by Nick Suzuki.
8:40 of 1st period - Shot Misses the Net.
8:42 of 1st period - Snap shot by Pierre-Luc Dubois.
8:42 of 1st period - Shot Misses the Net.
8:44 of 1st period - Wrist shot by Pierre-Luc Dubois.
8:44 of 1st period - Shot Blocked by Darnell Nurse.
8:46 of 1st period - Slapshot by Samuel Girard.
8:46 of 1st period - Deflect By Tyler Myers.
8:46 of 1st period - Stopped by Darcy Kuemper with a rebound.
8:48 of 1st period - Snap shot by Tom Wilson.
8:48 of 1st period - Shot Misses the Net.
8:55 of 1st period - Minor Penalty to Jonathan Huberdeau for Slashing.
8:56 of 1st period - Anze Kopitar wins face-off versus Ryan O'Reilly in Tampa Bay Lightning zone.
9:00 of 1st period - Backhand shot by Ryan O'Reilly.
9:00 of 1st period - Shot Blocked by Michael Matheson.
9:02 of 1st period - Snap shot by Tom Wilson.
9:02 of 1st period - Stopped by Darcy Kuemper without a rebound.
9:03 of 1st period - Ryan O'Reilly wins face-off versus Anze Kopitar in Tampa Bay Lightning zone.
9:06 of 1st period - Snap shot by Rickard Rakell.
9:06 of 1st period - Deflect By Dylan Cozens.
9:06 of 1st period - Stopped by Darcy Kuemper without a rebound.
9:07 of 1st period - Jason Dickinson wins face-off versus Rickard Rakell in Tampa Bay Lightning zone.
10:49 of 1st period - Slapshot by Ryan O'Reilly.
10:49 of 1st period - Goal by Ryan O'Reilly - Tampa Bay Lightning : 1 - Hartford Whalers : 1.
10:50 of 1st period - Joshua Norris wins face-off versus Anze Kopitar in neutral zone.
11:16 of 1st period - Charlie McAvoy is hit by Filip Forsberg and loses puck.
11:45 of 1st period - Samuel Girard is hit by Michael Matheson and loses puck.
12:18 of 1st period - Snap shot by Matt Duchene.
12:18 of 1st period - Shot Misses the Net.
12:40 of 1st period - Snap shot by Morgan Frost.
12:40 of 1st period - Deflect By Anze Kopitar.
12:40 of 1st period - Stopped by Darcy Kuemper without a rebound.
12:41 of 1st period - Anze Kopitar wins face-off versus Morgan Frost in Tampa Bay Lightning zone.
12:41 of 1st period - Anze Kopitar is hit by Miles Wood.
13:03 of 1st period - Minor Penalty to Jaden Schwartz for Cross-checking.
13:04 of 1st period - Anze Kopitar wins face-off versus Ryan O'Reilly in Hartford Whalers zone.
13:07 of 1st period - Wrist shot by Kirill Kaprizov.
13:07 of 1st period - Stopped by John Gibson with a rebound.
13:09 of 1st period - Snap shot by Kirill Kaprizov.
13:09 of 1st period - Stopped by John Gibson with a rebound.
13:11 of 1st period - Slapshot by Brent Burns.
13:11 of 1st period - Shot Misses the Net.
13:13 of 1st period - Slapshot by Brent Burns.
13:13 of 1st period - Shot Blocked by Charlie McAvoy.
13:15 of 1st period - Slapshot by Darnell Nurse.
13:15 of 1st period - Shot Misses the Net.
13:17 of 1st period - Wrist shot by Anze Kopitar.
13:17 of 1st period - Stopped by John Gibson without a rebound.
13:18 of 1st period - Roope Hintz wins face-off versus Joshua Norris in Hartford Whalers zone.
13:23 of 1st period - Wrist shot by Roope Hintz.
13:23 of 1st period - Stopped by John Gibson with a rebound.
13:25 of 1st period - Slapshot by Moritz Seider.
13:25 of 1st period - Deflect By Devon Toews.
13:25 of 1st period - Goal by Moritz Seider - Tampa Bay Lightning : 2 - Hartford Whalers : 1.
13:26 of 1st period - Ryan O'Reilly wins face-off versus Roope Hintz in neutral zone.
13:28 of 1st period - Off-side.
13:29 of 1st period - Roope Hintz wins face-off versus Ryan O'Reilly in neutral zone.
13:43 of 1st period - Snap shot by Matt Duchene.
13:43 of 1st period - Stopped by Darcy Kuemper with a rebound.
14:12 of 1st period - Icing by Moritz Seider.
14:13 of 1st period - Nick Suzuki wins face-off versus Anze Kopitar in Tampa Bay Lightning zone.
14:58 of 1st period - Wrist shot by Gustav Nyquist.
14:58 of 1st period - Stopped by John Gibson with a rebound.
15:00 of 1st period - Snap shot by Anze Kopitar.
15:00 of 1st period - Shot Misses the Net.
15:02 of 1st period - Wrist shot by Gustav Nyquist.
15:02 of 1st period - Stopped by John Gibson with a rebound.
15:04 of 1st period - Wrist shot by Kirill Kaprizov.
15:04 of 1st period - Stopped by John Gibson with a rebound.
15:06 of 1st period - Snap shot by Gustav Nyquist.
15:06 of 1st period - Shot Misses the Net.
15:08 of 1st period - Wrist shot by Anze Kopitar.
15:08 of 1st period - Shot Misses the Net.
15:10 of 1st period - Snap shot by Anze Kopitar.
15:10 of 1st period - Stopped by John Gibson without a rebound.
15:11 of 1st period - Roope Hintz wins face-off versus Ryan O'Reilly in Hartford Whalers zone.
15:12 of 1st period - Slapshot by Travis Konecny.
15:12 of 1st period - Deflect By Roope Hintz.
15:12 of 1st period - Shot Misses the Net.
15:12 of 1st period - Puck is out of play.
15:13 of 1st period - Ryan O'Reilly wins face-off versus Filip Forsberg in Hartford Whalers zone.
15:13 of 1st period - Ryan O'Reilly is hit by Darnell Nurse.
16:14 of 1st period - Wrist shot by Joshua Norris.
16:14 of 1st period - Shot Misses the Net.
16:16 of 1st period - Minor Penalty to Jason Dickinson for Goalie Interference.
16:17 of 1st period - Nick Suzuki wins face-off versus Anze Kopitar in Tampa Bay Lightning zone.
16:52 of 1st period - Wrist shot by Rickard Rakell.
16:52 of 1st period - Stopped by Darcy Kuemper with a rebound.
16:54 of 1st period - Snap shot by Tom Wilson.
16:54 of 1st period - Shot Blocked by Michael Matheson.
17:49 of 1st period - Kirill Kaprizov is hit by Ryan O'Reilly and loses puck.
18:16 of 1st period - Penalty to Jason Dickinson is over, Jason Dickinson is back on ice.
18:47 of 1st period - Hampus Lindholm is hit by Josh Anderson and loses puck.
19:00 of 1st period - Michael Matheson is hit by Samuel Girard and loses puck.
Goals for this period are 2 for Tampa Bay Lightning vs 1 for Hartford Whalers.
Shots for this period are 14 for Tampa Bay Lightning vs 10 for Hartford Whalers.
2nd period
0:01 of 2nd period - Jamie Benn wins face-off versus Ryan O'Reilly in neutral zone.
0:53 of 2nd period - Icing by Seth Jones.
0:54 of 2nd period - Joshua Norris wins face-off versus Anze Kopitar in Hartford Whalers zone.
1:23 of 2nd period - Snap shot by Gustav Nyquist.
1:23 of 2nd period - Deflect By Kirill Kaprizov.
1:23 of 2nd period - Shot Blocked by Joshua Norris.
1:23 of 2nd period - Puck is out of play.
1:24 of 2nd period - Ryan O'Reilly wins face-off versus Roope Hintz in Hartford Whalers zone.
1:55 of 2nd period - Slapshot by Devon Toews.
1:55 of 2nd period - Stopped by Darcy Kuemper with a rebound.
2:01 of 2nd period - Slapshot by Jamie Benn.
2:01 of 2nd period - Shot Misses the Net.
2:03 of 2nd period - Snap shot by Jamie Benn.
2:03 of 2nd period - Stopped by John Gibson without a rebound.
2:04 of 2nd period - Anze Kopitar wins face-off versus Nick Suzuki in Hartford Whalers zone.
2:20 of 2nd period - Off-side.
2:21 of 2nd period - Jamie Benn wins face-off versus Ryan O'Reilly in neutral zone.
2:37 of 2nd period - Ryan O'Reilly is hit by Jonathan Huberdeau and loses puck.
2:52 of 2nd period - Travis Konecny is hit by Tom Wilson.
3:20 of 2nd period - Snap shot by Joshua Norris.
3:20 of 2nd period - Shot Misses the Net.
3:22 of 2nd period - Slapshot by Josh Anderson.
3:22 of 2nd period - Shot Misses the Net.
3:32 of 2nd period - Dylan Cozens is hit by Ryan Suter and loses puck.
3:41 of 2nd period - Snap shot by Morgan Frost.
3:41 of 2nd period - Shot Blocked by Darnell Nurse.
3:55 of 2nd period - Slapshot by Jamie Benn.
3:55 of 2nd period - Deflect By Jonathan Huberdeau.
3:55 of 2nd period - Deflect By Matt Duchene.
3:55 of 2nd period - Stopped by John Gibson without a rebound.
3:56 of 2nd period - Jamie Benn wins face-off versus Ryan O'Reilly in Hartford Whalers zone.
4:11 of 2nd period - Wrist shot by Jamie Benn.
4:11 of 2nd period - Shot Misses the Net.
4:21 of 2nd period - Snap shot by Kirill Kaprizov.
4:21 of 2nd period - Shot Misses the Net.
4:23 of 2nd period - Slapshot by Anze Kopitar.
4:23 of 2nd period - Stopped by John Gibson with a rebound.
4:25 of 2nd period - Wrist shot by Brent Burns.
4:25 of 2nd period - Shot Blocked by Ryan O'Reilly.
4:27 of 2nd period - Slapshot by Brent Burns.
4:27 of 2nd period - Stopped by John Gibson with a rebound.
4:29 of 2nd period - Snap shot by Anze Kopitar.
4:29 of 2nd period - Stopped by John Gibson without a rebound.
4:30 of 2nd period - Roope Hintz wins face-off versus Nick Suzuki in Hartford Whalers zone.
4:43 of 2nd period - Nick Suzuki is hit by Travis Konecny and loses puck.
4:56 of 2nd period - Jamie Benn is hit by Miles Wood and loses puck.
5:19 of 2nd period - Snap shot by Joshua Norris.
5:19 of 2nd period - Shot Blocked by Michael Matheson.
5:25 of 2nd period - Josh Anderson is hit by Kirill Kaprizov and loses puck.
6:08 of 2nd period - Darnell Nurse is hit by Tom Wilson and loses puck.
6:32 of 2nd period - Icing by Pierre-Luc Dubois.
6:33 of 2nd period - Morgan Frost wins face-off versus Jamie Benn in Hartford Whalers zone.
6:38 of 2nd period - Slapshot by Seth Jones.
6:38 of 2nd period - Stopped by Darcy Kuemper with a rebound.
6:44 of 2nd period - Seth Jones is hit by Trevor Moore and loses puck.
6:49 of 2nd period - Snap shot by Jamie Benn.
6:49 of 2nd period - Stopped by John Gibson with a rebound.
6:59 of 2nd period - Slapshot by Charlie McAvoy.
6:59 of 2nd period - Shot Blocked by Michael Matheson.
7:01 of 2nd period - Wrist shot by Charlie McAvoy.
7:01 of 2nd period - Shot Misses the Net.
7:29 of 2nd period - Wrist shot by Tom Wilson.
7:29 of 2nd period - Shot Misses the Net.
7:31 of 2nd period - Snap shot by Devon Toews.
7:31 of 2nd period - Stopped by Darcy Kuemper with a rebound.
7:33 of 2nd period - Snap shot by Tom Wilson.
7:33 of 2nd period - Shot Misses the Net.
8:34 of 2nd period - Snap shot by Jaden Schwartz.
8:34 of 2nd period - Stopped by Darcy Kuemper with a rebound.
8:56 of 2nd period - Slapshot by Travis Konecny.
8:56 of 2nd period - Shot Misses the Net.
9:14 of 2nd period - Wrist shot by Jaden Schwartz.
9:14 of 2nd period - Shot Blocked by Travis Konecny.
9:16 of 2nd period - Slapshot by Jaden Schwartz.
9:16 of 2nd period - Stopped by Darcy Kuemper without a rebound.
9:17 of 2nd period - Ryan O'Reilly wins face-off versus Anze Kopitar in Tampa Bay Lightning zone.
10:30 of 2nd period - Wrist shot by Kirill Kaprizov.
10:30 of 2nd period - Stopped by John Gibson with a rebound.
11:32 of 2nd period - Gustav Nyquist is hit by Tom Wilson and loses puck.
11:54 of 2nd period - Icing by Roope Hintz.
11:55 of 2nd period - Morgan Frost wins face-off versus Jason Dickinson in Tampa Bay Lightning zone.
11:56 of 2nd period - Wrist shot by Jaden Schwartz.
11:56 of 2nd period - Stopped by Darcy Kuemper without a rebound.
11:57 of 2nd period - Morgan Frost wins face-off versus Jason Dickinson in Tampa Bay Lightning zone.
12:08 of 2nd period - Wrist shot by Jaden Schwartz.
12:08 of 2nd period - Shot Blocked by Moritz Seider.
12:10 of 2nd period - Slapshot by Devon Toews.
12:10 of 2nd period - Stopped by Darcy Kuemper with a rebound.
12:12 of 2nd period - Snap shot by Miles Wood.
12:12 of 2nd period - Deflect By Jaden Schwartz.
12:12 of 2nd period - Stopped by Darcy Kuemper with a rebound.
12:22 of 2nd period - Ryan O'Reilly is hit by Moritz Seider and loses puck.
12:51 of 2nd period - Moritz Seider is hit by Pierre-Luc Dubois and loses puck.
13:11 of 2nd period - Wrist shot by Nick Suzuki.
13:11 of 2nd period - Stopped by Darcy Kuemper with a rebound.
13:13 of 2nd period - Snap shot by Nick Suzuki.
13:13 of 2nd period - Stopped by Darcy Kuemper without a rebound.
13:14 of 2nd period - Anze Kopitar wins face-off versus Ryan O'Reilly in Tampa Bay Lightning zone.
13:14 of 2nd period - Anze Kopitar is hit by Matt Duchene.
13:20 of 2nd period - Snap shot by Gustav Nyquist.
13:20 of 2nd period - Shot Misses the Net.
13:22 of 2nd period - Slapshot by Anze Kopitar.
13:22 of 2nd period - Stopped by John Gibson with a rebound.
13:24 of 2nd period - Slapshot by Darnell Nurse.
13:24 of 2nd period - Deflect By Gustav Nyquist.
13:24 of 2nd period - Shot Misses the Net.
13:24 of 2nd period - Puck is out of play.
13:25 of 2nd period - Ryan O'Reilly wins face-off versus Roope Hintz in Hartford Whalers zone.
13:32 of 2nd period - Hampus Lindholm is hit by Matt Duchene and loses puck.
14:24 of 2nd period - Nick Suzuki is hit by Gustav Nyquist and loses puck.
16:21 of 2nd period - Slapshot by Charlie McAvoy.
16:21 of 2nd period - Deflect By Ryan O'Reilly.
16:21 of 2nd period - Stopped by Darcy Kuemper without a rebound.
16:22 of 2nd period - Jamie Benn wins face-off versus Ryan O'Reilly in Tampa Bay Lightning zone.
16:49 of 2nd period - Icing by Ryan O'Reilly.
16:50 of 2nd period - Joshua Norris wins face-off versus Anze Kopitar in Hartford Whalers zone.
17:05 of 2nd period - Josh Anderson is hit by Kirill Kaprizov and loses puck.
17:18 of 2nd period - Wrist shot by Devon Toews.
17:18 of 2nd period - Stopped by Darcy Kuemper with a rebound.
17:20 of 2nd period - Snap shot by Nick Suzuki.
17:20 of 2nd period - Shot Misses the Net.
17:22 of 2nd period - Slapshot by Tom Wilson.
17:22 of 2nd period - Shot Misses the Net.
17:24 of 2nd period - Slapshot by Pierre-Luc Dubois.
17:24 of 2nd period - Shot Misses the Net.
17:26 of 2nd period - Snap shot by Devon Toews.
17:26 of 2nd period - Stopped by Darcy Kuemper without a rebound.
17:27 of 2nd period - Jamie Benn wins face-off versus Ryan O'Reilly in Tampa Bay Lightning zone.
17:56 of 2nd period - Backhand shot by Anze Kopitar.
17:56 of 2nd period - Stopped by John Gibson without a rebound.
17:57 of 2nd period - Anze Kopitar wins face-off versus Nick Suzuki in Hartford Whalers zone.
18:30 of 2nd period - Slapshot by Charlie McAvoy.
18:30 of 2nd period - Shot Blocked by Travis Konecny.
18:32 of 2nd period - Slapshot by Charlie McAvoy.
18:32 of 2nd period - Deflect By Filip Forsberg.
18:32 of 2nd period - Stopped by Darcy Kuemper with a rebound.
18:52 of 2nd period - Tyler Myers is hit by Matt Duchene and loses puck.
19:21 of 2nd period - Jason Dickinson is hit by Jaden Schwartz and loses puck.
19:33 of 2nd period - Off-side.
19:34 of 2nd period - Nick Suzuki wins face-off versus Kirill Kaprizov in neutral zone.
19:42 of 2nd period - Tom Wilson is hit by Gustav Nyquist and loses puck.
Goals for this period are 0 for Tampa Bay Lightning vs 0 for Hartford Whalers.
Shots for this period are 9 for Tampa Bay Lightning vs 14 for Hartford Whalers.
3rd period
0:01 of 3rd period - Joshua Norris wins face-off versus Roope Hintz in neutral zone.
1:01 of 3rd period - Icing by Jordan Martinook.
1:02 of 3rd period - Joshua Norris wins face-off versus Jason Dickinson in Tampa Bay Lightning zone.
1:39 of 3rd period - Snap shot by Roope Hintz.
1:39 of 3rd period - Stopped by John Gibson with a rebound.
2:47 of 3rd period - Wrist shot by Jason Dickinson.
2:47 of 3rd period - Shot Blocked by Josh Anderson.
2:49 of 3rd period - Snap shot by Dylan Cozens.
2:49 of 3rd period - Stopped by John Gibson with a rebound.
2:51 of 3rd period - Slapshot by Moritz Seider.
2:51 of 3rd period - Shot Blocked by Josh Anderson.
2:53 of 3rd period - Snap shot by Dylan Cozens.
2:53 of 3rd period - Shot Misses the Net.
2:55 of 3rd period - Snap shot by Jordan Martinook.
2:55 of 3rd period - Goal by Jordan Martinook - Tampa Bay Lightning : 3 - Hartford Whalers : 1.
2:56 of 3rd period - Nick Suzuki wins face-off versus Roope Hintz in neutral zone.
3:52 of 3rd period - Snap shot by Jonathan Huberdeau.
3:52 of 3rd period - Shot Misses the Net.
3:54 of 3rd period - Wrist shot by Jonathan Huberdeau.
3:54 of 3rd period - Shot Misses the Net.
3:56 of 3rd period - Slapshot by Darnell Nurse.
3:56 of 3rd period - Stopped by John Gibson with a rebound.
4:08 of 3rd period - Wrist shot by Rickard Rakell.
4:08 of 3rd period - Shot Misses the Net.
4:32 of 3rd period - Slapshot by Nick Suzuki.
4:32 of 3rd period - Stopped by Darcy Kuemper with a rebound.
4:34 of 3rd period - Snap shot by Pierre-Luc Dubois.
4:34 of 3rd period - Stopped by Darcy Kuemper with a rebound.
4:36 of 3rd period - Slapshot by Ryan Suter.
4:36 of 3rd period - Shot Misses the Net.
4:38 of 3rd period - Snap shot by Pierre-Luc Dubois.
4:38 of 3rd period - Shot Misses the Net.
4:48 of 3rd period - Slapshot by Filip Forsberg.
4:48 of 3rd period - Stopped by John Gibson without a rebound.
4:49 of 3rd period - Josh Anderson wins face-off versus Anze Kopitar in Hartford Whalers zone.
4:54 of 3rd period - Snap shot by Kirill Kaprizov.
4:54 of 3rd period - Stopped by John Gibson without a rebound.
4:55 of 3rd period - Nick Suzuki wins face-off versus Gustav Nyquist in Hartford Whalers zone.
5:30 of 3rd period - Slapshot by Gustav Nyquist.
5:30 of 3rd period - Stopped by John Gibson with a rebound.
5:32 of 3rd period - Slapshot by Michael Matheson.
5:32 of 3rd period - Shot Blocked by Tom Wilson.
5:34 of 3rd period - Snap shot by Kirill Kaprizov.
5:34 of 3rd period - Stopped by John Gibson without a rebound.
5:35 of 3rd period - Ryan O'Reilly wins face-off versus Roope Hintz in Hartford Whalers zone.
5:37 of 3rd period - Minor Penalty to Charlie McAvoy for Holding Stick.
5:38 of 3rd period - Joshua Norris wins face-off versus Roope Hintz in Hartford Whalers zone.
5:52 of 3rd period - Slapshot by Michael Matheson.
5:52 of 3rd period - Shot Misses the Net.
5:54 of 3rd period - Slapshot by Michael Matheson.
5:54 of 3rd period - Shot Misses the Net.
6:55 of 3rd period - Icing by Jamie Benn.
6:56 of 3rd period - Ryan O'Reilly wins face-off versus Roope Hintz in Tampa Bay Lightning zone.
6:59 of 3rd period - Snap shot by Anthony Cirelli.
6:59 of 3rd period - Stopped by Darcy Kuemper with a rebound.
7:37 of 3rd period - Penalty to Charlie McAvoy is over, Charlie McAvoy is back on ice.
7:54 of 3rd period - Snap shot by Tom Wilson.
7:54 of 3rd period - Deflect By Nick Suzuki.
7:54 of 3rd period - Shot Misses the Net.
7:54 of 3rd period - Puck is out of play.
7:55 of 3rd period - Jason Dickinson wins face-off versus Nick Suzuki in Tampa Bay Lightning zone.
8:10 of 3rd period - Wrist shot by Jason Dickinson.
8:10 of 3rd period - Deflect By Jordan Martinook.
8:10 of 3rd period - Shot Misses the Net.
8:10 of 3rd period - Puck is out of play.
8:11 of 3rd period - Rickard Rakell wins face-off versus Roope Hintz in Hartford Whalers zone.
8:20 of 3rd period - Roope Hintz is hit by Charlie McAvoy and loses puck.
8:43 of 3rd period - Joshua Norris is hit by Jamie Benn and loses puck.
9:16 of 3rd period - Kirill Kaprizov is hit by Kaiden Guhle and loses puck.
9:57 of 3rd period - Snap shot by Morgan Frost.
9:57 of 3rd period - Stopped by Darcy Kuemper without a rebound.
9:58 of 3rd period - Joshua Norris wins face-off versus Roope Hintz in Tampa Bay Lightning zone.
10:01 of 3rd period - Backhand shot by Josh Anderson.
10:01 of 3rd period - Shot Misses the Net.
10:03 of 3rd period - Slapshot by Josh Anderson.
10:03 of 3rd period - Stopped by Darcy Kuemper with a rebound.
10:05 of 3rd period - Slapshot by Joshua Norris.
10:05 of 3rd period - Shot Misses the Net.
10:07 of 3rd period - Snap shot by Anthony Cirelli.
10:07 of 3rd period - Deflect By Hampus Lindholm.
10:07 of 3rd period - Stopped by Darcy Kuemper with a rebound.
10:23 of 3rd period - Ryan O'Reilly is hit by Trevor Moore.
12:07 of 3rd period - Wrist shot by Jonathan Huberdeau.
12:07 of 3rd period - Shot Blocked by Charlie McAvoy.
12:09 of 3rd period - Wrist shot by Trevor Moore.
12:09 of 3rd period - Stopped by John Gibson with a rebound.
13:03 of 3rd period - Wrist shot by Jamie Benn.
13:03 of 3rd period - Shot Blocked by Seth Jones.
13:05 of 3rd period - Slapshot by Tyler Myers.
13:05 of 3rd period - Shot Blocked by Seth Jones.
13:11 of 3rd period - Snap shot by Jonathan Huberdeau.
13:11 of 3rd period - Stopped by John Gibson with a rebound.
13:32 of 3rd period - Minor Penalty to Tyler Myers for Hooking.
13:33 of 3rd period - Anze Kopitar wins face-off versus Matt Duchene in Tampa Bay Lightning zone.
14:07 of 3rd period - Brent Burns is hit by Ryan O'Reilly and loses puck.
14:30 of 3rd period - Icing by Morgan Frost.
14:31 of 3rd period - Jason Dickinson wins face-off versus Morgan Frost in Hartford Whalers zone.
14:44 of 3rd period - Icing by Anthony Cirelli.
14:45 of 3rd period - Matt Duchene wins face-off versus Anze Kopitar in Hartford Whalers zone.
15:03 of 3rd period - Snap shot by Morgan Frost.
15:03 of 3rd period - Shot Misses the Net.
15:05 of 3rd period - Snap shot by Devon Toews.
15:05 of 3rd period - Goal by Devon Toews - Tampa Bay Lightning : 3 - Hartford Whalers : 2.
15:06 of 3rd period - Anze Kopitar wins face-off versus Joshua Norris in neutral zone.
15:33 of 3rd period - Josh Anderson is hit by Moritz Seider and loses puck.
15:42 of 3rd period - Snap shot by Travis Konecny.
15:42 of 3rd period - Stopped by John Gibson without a rebound.
15:43 of 3rd period - Jamie Benn wins face-off versus Morgan Frost in Hartford Whalers zone.
15:56 of 3rd period - Snap shot by Jonathan Huberdeau.
15:56 of 3rd period - Shot Blocked by Miles Wood.
16:41 of 3rd period - Snap shot by Filip Forsberg.
16:41 of 3rd period - Deflect By Travis Konecny.
16:41 of 3rd period - Stopped by John Gibson with a rebound.
16:43 of 3rd period - Slapshot by Hampus Lindholm.
16:43 of 3rd period - Stopped by John Gibson with a rebound.
16:45 of 3rd period - Snap shot by Michael Matheson.
16:45 of 3rd period - Shot Blocked by Nick Suzuki.
17:03 of 3rd period - Slapshot by Moritz Seider.
17:03 of 3rd period - Shot Misses the Net.
17:05 of 3rd period - Wrist shot by Jonathan Huberdeau.
17:05 of 3rd period - Shot Misses the Net.
17:07 of 3rd period - Wrist shot by Trevor Moore.
17:07 of 3rd period - Shot Misses the Net.
17:23 of 3rd period - Snap shot by Gustav Nyquist.
17:23 of 3rd period - Stopped by John Gibson with a rebound.
17:48 of 3rd period - Snap shot by Jaden Schwartz.
17:48 of 3rd period - Shot Blocked by Kirill Kaprizov.
18:37 of 3rd period - Hartford Whalers, John Gibson is pulled from the net.
19:28 of 3rd period - Off-side.
19:29 of 3rd period - Paul Maurice call a timeout for Hartford Whalers.
19:29 of 3rd period - Nick Suzuki wins face-off versus Anze Kopitar in neutral zone.
19:38 of 3rd period - Moritz Seider is hit by Nick Suzuki.
19:45 of 3rd period - Off-side.
19:46 of 3rd period - Nick Suzuki wins face-off versus Anze Kopitar in neutral zone.
Goals for this period are 1 for Tampa Bay Lightning vs 1 for Hartford Whalers.
Shots for this period are 14 for Tampa Bay Lightning vs 7 for Hartford Whalers.
Back to the Top